Ryan, neutral male human Ranger ----- --...| .----...-- .......-- |.......%.--- ..---.....[%---- ..I...^.(.%%........| -......%.... ----.--- -.....--- |...| ---.--- |...| ---.--- |...-- ---..| |<.. -... Ryan the Lookout Experience level: 5 Strength: 15 Dexterity: 11 Constitution: 15 Intelligence: 14 Wisdom: 13 Charisma: 8 Health: 0(37) Energy: 14(14) Def: 13 Gold: 620 Moves: 2888 Dungeon seed: bvGOcSlO7ATtUicg Game ID: Ryan_1466864301 Your Inventory: Coins $ - 620 gold pieces Weapons a - a +1 dagger (weapon in hand) b - a blessed +1 bow c - 49 +2 arrows (in quiver) d - 34 blessed +0 arrows m - a +0 dagger u - a blessed +1 dagger w - a +0 dwarvish short sword Armor e - an uncursed +2 cloak of displacement (being worn) n - a blessed +1 bronze plate mail x - a blessed +2 pair of iron shoes (being worn) z - a cursed -1 dwarvish mithril-coat (being worn) N - an uncursed +0 dwarvish iron helm (being worn) Y - an uncursed +0 dwarvish cloak Comestibles f - 3 uncursed cram rations i - 2 uncursed food rations Scrolls j - a cursed scroll of identify k - an uncursed scroll of teleportation v - an uncursed scroll of enchant weapon Potions t - a cursed potion of extra healing Rings h - an uncursed ring of conflict (on left hand) l - a cursed -1 ring of protection (on right hand) Wands s - a wand of make invisible (0:5) Gems q - an uncursed worthless piece of red glass r - an uncursed worthless piece of violet glass y - an uncursed garnet stone Spells and supernatural/magical abilities: Name Level Category Fail Memory W - pray for help -- divine ? -- Your skills at the end: Fighting Skills Weapon Skills dagger [Basic] bow [Basic] Spellcasting Skills Final Attributes: You were piously aligned. You had automatic searching. You were displaced. You caused conflict. You were ineffectively protected. You are dead. Vanquished creatures: a gnomish wizard a gray ooze a floating eye 3 dwarves a giant bat 2 iguanas 2 hobbits a hobgoblin 3 giant rats 2 yellow molds 3 green molds 6 gnomes 6 garter snakes 2 gnome zombies 5 jackals 3 goblins 2 grid bugs 3 bats 7 lichens 4 newts 58 creatures vanquished. Voluntary challenges: You were an atheist. You used a wielded weapon 63 times, starting on turn 142. You were illiterate. You never genocided any monsters. You never polymorphed an object. You never changed form. You used no wishes. You never split a pudding. You never wrote Elbereth's name. You violated your moral code, losing 1 point of alignment, starting on turn 2329. Dungeon overview: The Dungeons of Doom: levels 1 to 5 Level 1 an altar to Mars a long staircase Level 2 Level 3 some fountains stairs to The Gnomish Mines Level 4 Level 5 many fountains The Gnomish Mines: Level 4 <- You were here stairs to The Dungeons of Doom History has recorded: On T:1 you entered the Dungeons of Doom to retrieve the Amulet of Yendor! On T:390 you reached level 2 of The Dungeons of Doom. On T:490 you advanced to experience level 2. On T:822 you advanced to experience level 3. On T:849 you reached level 3 of The Dungeons of Doom. On T:1366 you reached level 1 of The Gnomish Mines. On T:1411 you reached level 4 of The Dungeons of Doom. On T:1763 you reached level 5 of The Dungeons of Doom. On T:1792 you advanced to experience level 4. On T:2432 you advanced to experience level 5. Score breakdown: Gold: 620 ( 9501 points) Experience: 5 levels (11141 points) Exploration: 5 levels ( 10.87%) ( 8944 points) Discoveries: 1 item ( 0.33%) ( 1734 points) Valuables value: (no points given unless you survive) Artifact value: 0 ( 0 points) Variety of kills: 20 monsters ( 5.25%) ( 6873 points) Turncount: 2888 turns ( -543 points) Survival: died (score multiplied by 80%) Total score: 30120 Latest messages: The dwarf thrusts his broad short sword. The dwarf misses. You hit the dwarf. You miss the dwarf. The dwarf thrusts his broad short sword. The dwarf misses. You miss the dwarf. The dwarf thrusts his broad short sword. The dwarf hits! You miss the dwarf. You kill the dwarf! You are caught in a bear trap. There are several objects here. You escape a bear trap. You hear crashing rock. You faint from lack of food. It hits! You come to. You faint from lack of food. It misses. It hits! (4x) You die... Final status: Goodbye Ryan the Ranger, killed by a gnome, while fainted from lack of food... You died in The Gnomish Mines on dungeon level 4 with 30120 points, and 620 pieces of gold, after 2888 moves. You were level 5 with a maximum of 37 hit points when you died.